[Event "10th Norway Chess Blitz 2022"]
[Site "Stavanger"]
[Date "2022.05.30"]
[Round "7.3"]
[White "Vachier-Lagrave, Maxime"]
[Black "Giri, Anish"]
[Result "1-0"]
[ECO "A01"]
[WhiteElo "2750"]
[BlackElo "2761"]
[Annotator "TA"]
[PlyCount "83"]
[EventDate "2022.05.30"]
[EventType "tourn"]
[EventCountry "NOR"]
[SourceTitle "playchess.com"]
[Source "ChessBase"]
[SourceQuality "1"]
[TimeControl "180+2"]

1. b3 d5 2. Bb2 Bf5 3. g3 c5 4. Bg2 Nc6 5. Nf3 Nf6 6. O-O {[%emt 0:00:03] A01: Nimzowitsch-Larsen Opening.} e6 7. d3 Be7 8. Nh4 $5 {[%emt 0:00:09][%mdl 4] [#] The position is equal. A promising side line.} Bg4 $146 ({Predecessor:} 8... Bg6 9. Nxg6 hxg6 10. Nd2 Qc7 11. h3 O-O-O 12. Qe1 g5 13. e4 d4 14. a3 g4 15. hxg4 Nxg4 {0-1 (43) Antonova,N (1842)-Toncheva,N (2207) Chess.com INT 2022}) 9. h3 Bh5 10. g4 {[%emt 0:00:03] [#]} (10. c4 $11 {is superior.}) 10... Nd7 $1 11. Nf5 ({Don't go for} 11. Bxg7 $2 Rg8 12. gxh5 Rxg7 $17) 11... exf5 12. gxh5 Bf6 13. Nc3 Nb6 14. e4 $36 {[%emt 0:00:04][%cal Re4d5][%mdl 2048] White is pushing.} dxe4 15. dxe4 Qxd1 16. Raxd1 f4 17. e5 $1 Bxe5 18. Bxc6+ bxc6 19. Rfe1 f6 20. Na4 $1 Nxa4 21. Bxe5 fxe5 22. Rxe5+ Kf7 {[%emt 0:00:01] Strongly threatening ...Nb6.} 23. bxa4 {[%emt 0:00:01] Threatens to win with Rd7+.} Rhd8 {[%emt 0:00:04] Prevents Rd7+.} 24. Rxd8 {[%emt 0:00:08] White is more active.} Rxd8 25. Rxc5 $16 {[%emt 0:00:01][%mdl 4096] Endgame KR-KR} Rd4 26. c4 Rd2 (26... Rd3 $16) 27. Rxc6 $18 Rxa2 28. Ra6 ({Much less strong is} 28. Rc7+ Kf6) 28... Rc2 29. Kg2 Rxc4 30. Rxa7+ Kf6 31. Kf3 h6 32. a5 (32. h4 $18) 32... Ra4 $2 {[%emt 0:00:06] [#]} (32... Kg5 $16 {was necessary.}) 33. a6 $2 (33. Kg4 $1 $18) 33... Kf5 34. Rf7+ Kg5 $1 35. Rxg7+ Kxh5 36. a7 Kh4 37. Kg2 h5 (37... Ra3 $14) 38. Rf7 $16 {[%emt 0:00:08][%cal Of7f4] White threatens Rxf4+! and mate.} Kg5 {[%emt 0:00:02] [#]} 39. Kf3 ({White must play} 39. h4+ $1 $16 Kg6 40. Re7) 39... Ra3+ $14 40. Ke4 {[%emt 0:00:01] Kd4 is the strong threat.} Kh4 $2 (40... Ra2 $14 41. f3 Kg6) 41. Rxf4+ $18 Kxh3 42. Rf3+ {Weighted Error Value: White=0.24 (precise) /Black=0.41} 1-0

[Event "10th Norway Chess Blitz 2022"]
[Site "Stavanger"]
[Date "2022.05.30"]
[Round "7.4"]
[White "Tari, Aryan"]
[Black "Radjabov, Teimour"]
[Result "1-0"]
[ECO "C10"]
[WhiteElo "2654"]
[BlackElo "2753"]
[Annotator "TA"]
[PlyCount "65"]
[EventDate "2022.05.30"]
[EventType "tourn"]
[EventCountry "NOR"]
[SourceTitle "playchess.com"]
[Source "ChessBase"]
[SourceQuality "1"]
[TimeControl "180+2"]

1. e4 e6 2. d4 d5 3. Nc3 a6 4. Nf3 Nf6 5. Bd3 c5 6. exd5 {[%emt 0:00:25] C10: French with 3 Nc3: Unusual Black 3rd moves and 3...dxe4.} exd5 7. dxc5 Bxc5 8. O-O {[%emt 0:00:03] The position is equal.} O-O 9. Bg5 Be6 10. a3 Nbd7 11. h3 {[%emt 0:00:05] [#]} Qc7 $146 ({Predecessor:} 11... h6 12. Bh4 Qc7 13. Bxf6 Nxf6 14. b4 Ba7 15. Re1 Qxc3 16. Nd2 Qc7 17. Rc1 Bxh3 {0-1 (25) Hipp,F-Wuelfling,O Duesseldorf 1862}) 12. Qd2 Rfe8 13. Rae1 Rac8 14. Bf4 Qc6 15. Ne5 (15. Re2 $11) 15... Nxe5 $15 16. Bxe5 Nd7 17. Bg3 {[%emt 0:00:12] [#]} Bxa3 $1 18. bxa3 {[%emt 0:00:42] Ne2 is the strong threat.} Qxc3 19. Qg5 ({Better is} 19. Qxc3 $15 Rxc3 20. f4) 19... h6 20. Qh4 Qf6 21. Qb4 Nc5 22. Re3 Ne4 ({Black should try} 22... Bd7 $15 23. Rxe8+ Bxe8) 23. Bxe4 dxe4 24. Qxb7 Rxc2 25. Qxe4 Rec8 26. Rfe1 R2c4 27. Qb7 a5 (27... Bf5 $11) 28. Be5 $1 $16 Qf5 {[%emt 0:00:06] [#]} 29. Rg3 {[%emt 0:00:06] White is more active.} (29. Bxg7 $1 $16 Kxg7 30. Rxe6) 29... g5 $2 (29... Rc1 $1 $11 {and Black has nothing to worry.} 30. Rge3 (30. Rxg7+ $2 Kf8 $19) 30... R8c2) 30. Rf3 $18 Qc2 {[%emt 0:00:05] [#]} (30... Rc1 {was worth a try.} 31. Rxf5 (31. Qxc8+ Rxc8 32. Rxf5 Bxf5 $11) 31... Rxe1+ 32. Kh2 Bxf5) 31. Bg3 $2 (31. Rf6 $1 $18 Qh7 32. Qe7) 31... Qd2 $2 {[%emt 0:00:03][%mdl 8192] [#]} (31... Qg6 $14) 32. Rxe6 $1 Rc1+ (32... R4c7 33. Bxc7) 33. Kh2 {[%emt 0:00:01] Weighted Error Value: White=0.34/Black=0.58} 1-0

[Event "10th Norway Chess Blitz 2022"]
[Site "Stavanger"]
[Date "2022.05.30"]
[Round "7.5"]
[White "So, Wesley"]
[Black "Topalov, Veselin"]
[Result "1-0"]
[ECO "B52"]
[WhiteElo "2766"]
[BlackElo "2730"]
[Annotator "TA"]
[PlyCount "54"]
[EventDate "2022.05.30"]
[EventType "tourn"]
[EventCountry "NOR"]
[SourceTitle "playchess.com"]
[Source "ChessBase"]
[SourceQuality "1"]
[TimeControl "180+2"]

1. e4 c5 2. Nf3 d6 3. Bb5+ Bd7 4. Bxd7+ Qxd7 5. c4 Nc6 6. d4 cxd4 7. Nxd4 g6 8. Nc3 Bg7 9. Be3 {[%emt 0:00:02] B52: Sicilian: Moscow Variation with 3...Bd7.} Nh6 10. h3 {[%emt 0:00:10] Against Ng4. White is more active.} f5 11. Bxh6 {[%emt 0:00:27] White is slightly better.} Bxd4 12. O-O {[%emt 0:00:01] [#]} Bxc3 $146 ({Predecessor:} 12... O-O-O 13. Nb5 e5 14. Bg5 Rdf8 15. Be3 f4 16. Bxd4 exd4 17. Nxd4 Ne5 18. Nf3 Nxf3+ 19. Qxf3 {1-0 (28) Cisler,P (2208)-Galicek,S (2164) Czech Republic 2001}) 13. bxc3 fxe4 14. Qe2 O-O-O 15. Rab1 Ne5 (15... Qe6 $15 {stays ahead.}) 16. Bg7 $16 ({Much worse is} 16. Qxe4 Rhe8 $11) 16... Qc6 17. Bxh8 Rxh8 18. Rfd1 Nxc4 19. Qg4+ Kb8 20. Qe6 {[%emt 0:00:01][%mdl 1024] White has strong compensation.} Re8 21. Rd4 Ne5 22. a4 {[%emt 0:00:01] aiming for Rdb4.} e3 23. f4 e2 $2 {[%emt 0:00:31][%mdl 8192] A mistake that costs the game.} 24. fxe5 $18 {[%emt 0:00:30] White is clearly winning.} Qxc3 25. Re4 Qd3 {[%emt 0:00:27] [#]} 26. Rxb7+ $3 Kxb7 27. exd6 {[%emt 0:00:00] And now Qd7+ would win.} Qxd6 {[%emt 0:00:02] Weighted Error Value: White=0.12 (very precise) /Black=0.30} 1-0

[Event "10th Norway Chess Blitz 2022"]
[Site "Stavanger"]
[Date "2022.05.30"]
[Round "8.1"]
[White "Carlsen, Magnus"]
[Black "Topalov, Veselin"]
[Result "1-0"]
[ECO "A46"]
[WhiteElo "2864"]
[BlackElo "2730"]
[Annotator "TA"]
[PlyCount "59"]
[EventDate "2022.05.30"]
[EventType "tourn"]
[EventCountry "NOR"]
[SourceTitle "playchess.com"]
[Source "ChessBase"]
[SourceQuality "1"]
[TimeControl "180+2"]

1. d4 Nf6 2. Bg5 e6 3. Nd2 h6 4. Bh4 c5 5. e3 Be7 6. Ngf3 b6 7. c3 O-O {[%emt 0:00:04] A46: 1 d4 Nf6 2 Nf3 e6: Torre, London and Colle Systems.} 8. Bd3 Ba6 9. Bxa6 Nxa6 {[%emt 0:00:01] White has an edge.} 10. Bxf6 Bxf6 {[%emt 0:00:02] [#]} 11. h4 $146 ({Predecessor:} 11. O-O d5 12. Qe2 Nb8 13. Rac1 Nc6 14. Rfd1 Rc8 15. Qb5 Qe7 16. g3 Rfd8 17. Kg2 {0-1 (82) Mrkonjic,N (2289)-Virostko,P (2323) Zvolen 2000}) 11... g6 12. Ne4 Bg7 13. d5 exd5 14. Qxd5 Nc7 15. Qd6 Re8 16. Ng3 Re6 17. Qd3 d5 18. h5 Qf6 19. O-O Rae8 20. a4 g5 (20... Bf8 $11) 21. Rfd1 ({White should play} 21. Nh2 $16) 21... Bf8 {[%emt 0:00:09] [#]} (21... Qe7 $11 {keeps the balance.}) 22. Nh2 $1 $16 Rc6 23. Ng4 Qe6 24. Nf5 {[%emt 0:00:03] White is more active.} Qe4 (24... Bg7 $16) 25. Qxe4 $18 Rxe4 26. f3 Re8 (26... Ree6 {keeps fighting.} 27. Rd2 a6) 27. Kf2 Kh7 (27... c4 {was necessary.} 28. f4 Bg7) 28. e4 dxe4 (28... Rd8 29. Rac1 c4) 29. Rd7 exf3 {[%emt 0:00:14] [#]} 30. Rxc7 $1 {[%emt 0:00:05][%mdl 512] Weighted Error Value: White=0.09 (flawless) /Black=0.43} 1-0

[Event "10th Norway Chess Blitz 2022"]
[Site "Stavanger"]
[Date "2022.05.30"]
[Round "8.2"]
[White "Radjabov, Teimour"]
[Black "So, Wesley"]
[Result "0-1"]
[ECO "D27"]
[WhiteElo "2753"]
[BlackElo "2766"]
[Annotator "TA"]
[PlyCount "54"]
[EventDate "2022.05.30"]
[EventType "tourn"]
[EventCountry "NOR"]
[SourceTitle "playchess.com"]
[Source "ChessBase"]
[SourceQuality "1"]
[TimeControl "180+2"]

1. Nf3 d5 2. d4 Nf6 3. c4 dxc4 4. e3 e6 5. Bxc4 a6 6. b3 c5 7. Bb2 cxd4 8. Nxd4 Be7 9. O-O O-O {[%emt 0:00:02] [#] D27: Queen's Gambit Accepted: Classical main line: 7 e4!? and 7 a4.} 10. Be2 $146 ({Predecessor:} 10. Nd2 Bd7 11. N2f3 Nc6 12. Qe2 b5 13. Bd3 Rc8 14. Rac1 Qb6 15. Rfd1 Rfd8 16. e4 Be8 17. Nxc6 Bxc6 {½-½ (59) Schneider,L (1480)-Sefeloge,M (1763) Wiesbaden 2018}) 10... b5 11. Nd2 Bb7 {[%emt 0:00:01] The position is equal.} 12. Rc1 Qd7 13. N2f3 Bd6 {[%emt 0:00:01] Inhibits Ne5.} 14. Qc2 $2 {[%emt 0:00:12] [#]} (14. a4 $11 {and White is okay.}) 14... e5 $1 $19 15. Nf5 Be4 16. Nh6+ gxh6 17. Qd1 Nc6 18. Nd2 Bf5 19. f4 Rad8 {[%emt 0:00:01] aiming for ...Bb4.} 20. Qe1 Bb4 {[%emt 0:00:09] Black is clearly winning.} 21. Qg3+ Bg6 22. Nf3 (22. Nb1 $142 Ne4 23. Qf3) 22... Ne4 23. Qh4 h5 {[%emt 0:00:01][%cal Od7a7] [#] Threatens to win with ...Qa7!} 24. Kh1 Be7 25. Qe1 exf4 26. exf4 Rfe8 27. Nh4 (27. a3 $142) 27... Qd2 {[%emt 0:00:12] White did not feel at home in the position after the opening.  Weighted Error Value: White=0.73/Black=0.12 (very precise)} (27... Bb4 $142 28. Rd1 Bxe1 29. Rxd7 Rxd7 30. Rxe1 Nf2+ 31. Kg1 Nd3) 0-1

[Event "10th Norway Chess Blitz 2022"]
[Site "Stavanger"]
[Date "2022.05.30"]
[Round "8.3"]
[White "Giri, Anish"]
[Black "Tari, Aryan"]
[Result "1/2-1/2"]
[ECO "A04"]
[WhiteElo "2761"]
[BlackElo "2654"]
[Annotator "TA"]
[PlyCount "73"]
[EventDate "2022.05.30"]
[EventType "tourn"]
[EventCountry "NOR"]
[SourceTitle "playchess.com"]
[Source "ChessBase"]
[SourceQuality "1"]
[TimeControl "180+2"]

1. Nf3 Nf6 2. g3 c5 3. Bg2 Nc6 4. O-O e5 5. e4 d6 6. d3 {[%emt 0:00:06] A04: Unusual lines after 1 Nf3 and King's Indian Attack.} g6 7. Nc3 Bg7 8. a3 O-O 9. Rb1 h6 10. b4 b6 {[%emt 0:00:02] [#]} 11. h3 $146 ({Predecessor:} 11. Ne2 Be6 12. c4 a5 13. bxc5 bxc5 14. Nc3 Nd4 15. Nxd4 cxd4 16. Nd5 Bxd5 17. cxd5 {0-1 (31) Maltsevskaya,A (2318)-Saduakassova,D (2505) Moscow 2019}) 11... Be6 12. Be3 Nd4 13. bxc5 bxc5 14. Nb5 (14. Nd2 $11 {keeps the balance.}) 14... Nxb5 15. Rxb5 Qd7 16. Qb1 Bxh3 17. Rb7 {[%emt 0:00:01] [#]} Qe6 ({Black should play} 17... Qc8 $1 $17) 18. Qb3 (18. Qb5 $11 {remains equal.}) 18... c4 19. Qxc4 Qxc4 20. dxc4 {[%emt 0:00:01] [#]} Bxg2 21. Kxg2 Nxe4 22. Rd1 Rfc8 23. Nd2 Nc3 24. Rh1 h5 25. Rb3 e4 26. Rb7 {[%emt 0:00:15] Against Rc7} d5 27. Bxa7 d4 ({Black should try} 27... Bh6 $17 28. Nb1 Nxb1 29. Rhxb1 Rxc4 30. Rb8+ Rxb8 31. Rxb8+ Kg7) 28. Re1 $11 Re8 29. Rd7 Re6 30. Bxd4 Bxd4 31. Rxd4 Rxa3 (31... f5 $11 {was preferrable.}) 32. c5 ({Much weaker is} 32. Nxe4 $6 Nxe4 33. Rexe4 (33. Rdxe4 Rxe4 34. Rxe4 Rc3 $11) 33... Rxe4 34. Rxe4 Rc3 $11) (32. Rd8+ $14 Kh7 33. Rd7) 32... Rc6 (32... Ra4 $11 33. Rxa4 Nxa4) 33. Rc4 (33. Re3 $16 {Strongly threatening Nc4.} Kg7 34. Rd7 (34. Nxe4 Nb5 $16)) 33... f5 34. Nb3 Nb5 35. Rd1 {[%emt 0:00:03] aiming for Rb4.} Ra7 $1 36. Rb4 Nc3 37. Rd6 {[%emt 0:00:11] Weighted Error Value: White=0.19 (very precise) /Black=0.19 (very precise)} 1/2-1/2

[Event "10th Norway Chess Blitz 2022"]
[Site "Stavanger"]
[Date "2022.05.30"]
[Round "8.4"]
[White "Wang, Hao"]
[Black "Vachier-Lagrave, Maxime"]
[Result "0-1"]
[ECO "D97"]
[WhiteElo "2744"]
[BlackElo "2750"]
[Annotator "TA"]
[PlyCount "64"]
[EventDate "2022.05.30"]
[EventType "tourn"]
[EventCountry "NOR"]
[SourceTitle "playchess.com"]
[Source "ChessBase"]
[SourceQuality "1"]
[TimeControl "180+2"]

1. d4 {[%emt 0:00:02] Ftacnik,L} Nf6 2. c4 g6 3. Nc3 d5 4. Nf3 Bg7 5. Qb3 dxc4 6. Qxc4 O-O 7. e4 a6 8. e5 b5 9. Qb3 Nfd7 10. Be3 c5 11. e6 c4 {[%emt 0:00:04] is the legacy move (11...cxd4).} 12. exf7+ Rxf7 13. Qd1 $1 {[%emt 0:00:02] [#]} Nc6 $5 $146 {[%emt 0:00:12][%mdl 8] [#] An interesting novelty. D97: Grünfeld: Russian System: 7 e4, replies other than 7...Bg4.} (13... Nb6 $11 {remains equal.}) ({Predecessor:} 13... Nb6 14. Ne5 Rf8 15. a4 b4 16. a5 bxc3 17. axb6 cxb2 18. Bxc4+ Kh8 19. Rb1 Qxb6 20. Qd2 Nd7 21. Rxb2 Nxe5 22. Rxb6 Nxc4 {1-0 (41) Karpov,A (2770)-Kamsky,G (2735) Elista 1996 CBM 054 [Ftacnik,L]}) 14. Ng5 $1 $16 Rf6 {[%emt 0:00:08] [#]} 15. Be2 (15. d5 $1 $16 ) 15... Nb6 {[%emt 0:00:27] The position is equal.} 16. O-O Rd6 17. Nge4 (17. Bf3 {is more appropriate.}) 17... Rxd4 $11 18. Bxd4 Nxd4 19. Bg4 b4 20. Bxc8 Rxc8 21. Ne2 Nb5 {[%emt 0:00:25] Threatens to win with ...Qxd1.} 22. Qc2 Qd3 23. Rac1 Qxc2 ({Don't do} 23... Bxb2 24. Qxd3 cxd3 25. Rxc8+ Nxc8 26. Nf4 $16) 24. Rxc2 a5 25. Rd1 a4 26. Rcd2 {[%emt 0:00:03] Rd8+ is the strong threat.} h6 (26... Kf7 {keeps more tension.} 27. Ng5+ Ke8 28. Ne6 Bf6) 27. Rd8+ Kf7 $1 {[%emt 0:00:01] White must now prevent ...Rxd8.} 28. Rxc8 Nxc8 29. Rd8 Nca7 30. Rb8 $2 (30. Nc5 $14 {keeps the upper hand.}) 30... Bxb2 $19 31. Nc5 $2 (31. Rb6 b3 32. axb3 axb3 33. Nd2) 31... a3 {[%emt 0:00:05][%cal Ob4b3] And now ...b3! would win.} 32. Rb7 b3 {[%emt 0:00:01] Weighted Error Value: White=0.91/Black=0.15 (very precise)} 0-1

[Event "10th Norway Chess Blitz 2022"]
[Site "Stavanger"]
[Date "2022.05.30"]
[Round "8.5"]
[White "Anand, Viswanathan"]
[Black "Mamedyarov, Shakhriyar"]
[Result "1/2-1/2"]
[ECO "C83"]
[WhiteElo "2751"]
[BlackElo "2770"]
[Annotator "TA"]
[PlyCount "133"]
[EventDate "2022.05.30"]
[EventType "tourn"]
[EventCountry "NOR"]
[SourceTitle "playchess.com"]
[Source "ChessBase"]
[SourceQuality "1"]
[TimeControl "180+2"]

1. e4 e5 2. Nf3 Nc6 3. Bb5 a6 4. Ba4 Nf6 5. O-O Nxe4 6. d4 b5 7. Bb3 d5 8. dxe5 Be6 9. Nbd2 Nc5 10. c3 Be7 11. Bc2 d4 12. Nb3 {[%emt 0:00:03][%cal Rf3d4] C83: Open Ruy Lopez: 9 c3 Be7.} d3 13. Nxc5 (13. Bb1 {feels hotter.} Nxb3 14. axb3 Bf5 15. Be3) 13... dxc2 14. Qxd8+ Rxd8 ({Don't play} 14... Bxd8 15. Nxe6 fxe6 16. Be3 $16) 15. Nxe6 fxe6 16. Be3 Rd5 17. Rac1 Nxe5 18. Nxe5 Rxe5 19. Rxc2 (19. c4 Bc5 20. Bxc5 Rxc5 21. Rxc2 Ke7 22. Rfc1 Rd8 23. Kf1 bxc4 24. Rxc4 Rd1+ 25. Rxd1 Rxc4 26. Rd2 e5 27. Ke2 Ke6 28. Ke3 a5 29. b3 {½-½ (29) Anand,V (2803)-Mamedyarov,S (2736) Berlin 2015}) 19... Kf7 20. c4 b4 21. Rd1 Rd8 22. Rxd8 Bxd8 $11 {[%emt 0:00:01][%mdl 4096] Endgame KRB-KRB} 23. Kf1 Bg5 24. Bd4 Ra5 25. b3 Bf6 26. Be3 Bg5 27. Ba7 Ra3 {[%emt 0:00:27] [#]} 28. Bb8 $146 ({Predecessor:} 28. f4 Be7 29. Be3 Ra5 30. Ke2 Rh5 31. h3 e5 32. Rd2 exf4 33. Bxf4 c6 34. Kf3 Ke6 35. Re2+ Kd7 36. Re5 Rxe5 37. Bxe5 {½-½ (45) Malinovsky,K (2478)-Motuz,K (2359) Slovakia 2019}) 28... Bd8 29. Ba7 a5 30. Bc5 Be7 31. Be3 {[%emt 0:00:02] Hoping for Bc1.} a4 32. bxa4 Rxa4 33. c5 e5 34. Ke2 (34. Rc4 $1 $11) 34... Ke6 $17 35. Rd2 Ra5 (35... e4 $17) 36. Rb2 $1 $11 Bxc5 37. Bxc5 Rxc5 38. Rxb4 {[%emt 0:00:01] KR-KR} Rc2+ 39. Ke3 Rxa2 40. Rg4 (40. Rh4 $11 {should be considered.}) 40... Ra3+ 41. Ke2 g6 $1 42. Rc4 Kd6 43. Rh4 h5 44. Rb4 Ra6 45. g4 $2 (45. Rb7 $17 {lives longer.}) 45... c5 $19 46. Rb3 hxg4 47. Rg3 Ra4 48. Rb3 Kc6 49. Rb8 c4 50. Rg8 Kd5 (50... Kc5 $142 51. Rxg6 Ra2+ 52. Ke3 Ra3+ 53. Ke2 Kb4 54. Rxg4 Kb3) 51. Rxg6 {[%emt 0:00:02] [#]} c3 $1 {[%emt 0:00:04] White must now prevent ...Rd4.} ({Stronger than} 51... Ra2+ 52. Ke3 $17) 52. Kd3 Rc4 53. Kc2 Kc5 $2 ({Black should try} 53... Rf4 $19 {...Kd4 is the strong threat.} 54. Kd3 Rf3+ 55. Kc2 Kd4 56. Rxg4+ e4) 54. Rg5 {[%emt 0:00:01] [#]} (54. Rg7 $11) 54... Kd6 (54... Kb4 $1 $17 {And now ...Rf4 would win.} 55. Rxe5 Rf4) 55. Rg6+ (55. h3 $11) 55... Ke7 (55... Kd5 $17 {With the idea ...Rf4.} 56. Rg8 Rf4 57. Kxc3 Ke4) 56. h3 {[%emt 0:00:06] The position is equal.} gxh3 57. Rh6 {[%emt 0:00:00] Prevents Rh4.} Ra4 58. Rxh3 Ra2+ 59. Kd1 c2+ 60. Kc1 Ke6 61. Rc3 Kf5 62. Rxc2 Rxc2+ 63. Kxc2 Kf4 64. Kd2 Kf3 65. Kd3 Kxf2 {[%emt 0:00:02] ( -> ...Kf3)} 66. Ke4 Ke2 67. Kxe5 {[%emt 0:00:01] White happily takes the draw.  Weighted Error Value: White=0.35/Black=0.21 (precise)} 1/2-1/2

[Event "10th Norway Chess Blitz 2022"]
[Site "Stavanger"]
[Date "2022.05.30"]
[Round "9.1"]
[White "Mamedyarov, Shakhriyar"]
[Black "Carlsen, Magnus"]
[Result "1/2-1/2"]
[ECO "E60"]
[WhiteElo "2770"]
[BlackElo "2864"]
[Annotator "TA"]
[PlyCount "117"]
[EventDate "2022.05.30"]
[EventType "tourn"]
[EventCountry "NOR"]
[SourceTitle "playchess.com"]
[Source "ChessBase"]
[SourceQuality "1"]
[TimeControl "180+2"]

1. d4 Nf6 2. c4 g6 3. Nf3 Bg7 4. g3 c6 5. Bg2 Qa5+ (5... d5 6. Nbd2 a5 7. b3 a4 8. Ba3 axb3 9. axb3 O-O 10. O-O Re8 11. e3 Bf5 12. Qe2 Na6 13. Ne5 Ne4 14. cxd5 cxd5 15. Nxe4 Bxe4 16. Bxe4 dxe4 {½-½ (58) Mamedyarov,S (2801)-Carlsen,M (2842) Saint Louis 2018 CBM 186 [Fernandez,D]}) 6. Bd2 {[%emt 0:00:18] E60: King's Indian: Unusual lines and Fianchetto Variation without Nc3.} Qa6 {[%emt 0:00:02] [#]} 7. b3 $146 ({Predecessor:} 7. Qb3 d6 8. O-O O-O 9. Nc3 Be6 10. d5 cxd5 11. cxd5 Bd7 12. Rfc1 Rc8 13. h3 {0-1 (58) Cheparinov,I (2670)-Saric,I (2667) chess24.com INT 2020}) 7... b5 8. cxb5 {[%emt 0:00:13] White is slightly better.} cxb5 9. a4 Bb7 10. Nc3 bxa4 11. Nxa4 Qb5 12. Nc3 Qb6 13. Na4 Qd8 14. O-O O-O 15. Nc5 Bc6 16. Ba5 Qc8 17. Qb1 d6 18. Nd3 Qb7 19. Rc1 Rc8 (19... Be4 $5 ) 20. Nb4 Be4 {[%emt 0:00:13] Inhibits Qc2.} 21. Rxc8+ Qxc8 22. Qc1 Nbd7 23. Nd2 Bxg2 24. Qxc8+ Rxc8 25. Kxg2 d5 26. e3 e6 27. Nd3 Bf8 28. Ra2 Ne4 29. Nxe4 dxe4 30. Ne5 Nxe5 31. dxe5 $11 {[%emt 0:00:01][%mdl 4096] Endgame KRB-KRB} Rb8 32. b4 Rb7 33. Rc2 Rb5 $1 (33... Bxb4 $2 34. Rb2 $18) 34. Rc8 {[%emt 0:00:24] [#] Threatens to win with Bd8.} Rxe5 35. Bc7 Rd5 36. Ra8 (36. Bb8 $11 {is more appropriate.}) 36... Rd7 ({Better is} 36... Kg7 $15) 37. Be5 f5 38. Bd4 Kf7 39. b5 Bd6 40. Rxa7 Rxa7 41. Bxa7 {[%emt 0:00:01] KB-KB} Ke8 42. f3 exf3+ 43. Kxf3 g5 44. h3 h5 45. Bd4 (45. g4 $11 fxg4+ 46. hxg4) 45... g4+ $17 46. hxg4 (46. Kg2 $17) 46... fxg4+ $19 47. Kf2 {[%emt 0:00:02] [#]} Kd7 $2 (47... e5 $1 $19 48. Ba7 e4) 48. e4 $11 {[%emt 0:00:01][%cal Be3e4,Be4e5][%mdl 32] The position is equal.} Kc7 49. e5 Ba3 50. Ke3 Bc1+ 51. Ke4 Kb7 52. Bf2 Bg5 53. Bd4 Bd2 54. Bf2 Kc7 55. Bc5 Be1 56. Kf4 Bd2+ 57. Be3 Be1 58. Bd4 Kb7 59. Be3 {[%emt 0:00:01] Weighted Error Value: White=0.13 (very precise) /Black=0.11 (very precise)} 1/2-1/2

[Event "10th Norway Chess Blitz 2022"]
[Site "Stavanger"]
[Date "2022.05.30"]
[Round "9.2"]
[White "Vachier-Lagrave, Maxime"]
[Black "Anand, Viswanathan"]
[Result "1-0"]
[ECO "C54"]
[WhiteElo "2750"]
[BlackElo "2751"]
[Annotator "TA"]
[PlyCount "69"]
[EventDate "2022.05.30"]
[EventType "tourn"]
[EventCountry "NOR"]
[SourceTitle "playchess.com"]
[Source "ChessBase"]
[SourceQuality "1"]
[TimeControl "180+2"]

1. e4 e5 2. Nf3 Nc6 3. Bc4 Bc5 4. c3 Nf6 5. d4 exd4 6. cxd4 Bb4+ 7. Nbd2 {[%emt 0:00:04] C54: Giuoco Piano: 4 c3 Nf6, main lines with 5 d4 and 5 d3.} Bxd2+ 8. Bxd2 Nxe4 9. d5 {[%emt 0:00:01] The position is equal.} Ne7 {[%emt 0:00:01] [#]} 10. Qe2 $1 $146 {[%emt 0:00:54][%mdl 8] A top novelty.} ({Predecessor:} 10. Bb4 d6 11. O-O O-O 12. Re1 a5 13. Bxa5 Nxf2 14. Qd2 Ng4 15. Bc3 Ng6 16. h3 {0-1 (29) Burke,J (2573)-Dominguez Perez,L (2756) Saint Louis 2022}) 10... Nxd2 11. Kxd2 (11. Qxd2 $11 d6 12. h3) 11... O-O 12. Rae1 Nf5 13. g4 Nh4 (13... Nd6 $17 14. Bd3 Re8) 14. d6 $15 cxd6 (14... Ng6 $1 $17 {And now ...b5 would win.} 15. Ne5 cxd6 16. Nxg6 (16. Bxf7+ Rxf7 17. Nxf7 Qf6 $17) 16... hxg6) 15. Nxh4 $1 $11 Qxh4 16. Qf3 {[%emt 0:00:05][%cal Of3f7] White wants to mate with Qxf7+!} d5 17. Bxd5 {[%emt 0:00:04][%cal Of3f7] Qxf7+! would kill now.} Qh6+ ({Much less strong is} 17... h5 18. Bxf7+ $1 (18. Re8 Qg5+ 19. Kc2 Rxe8 $17) 18... Kh8 19. Bg6 Qg5+ 20. Kd1 $14) (17... h6 $11) 18. Kd1 {[%emt 0:00:15][%cal Of3f7][%mdl 1024] Intending Qxf7+! and mate. White has compensation.} (18. Kc3 $5 g5 19. Re7 $14) 18... Qd6 (18... Qg6 $11 19. Re7 h6) 19. Kc1 (19. h4 $14) 19... Rb8 20. Re3 $40 {[%emt 0:00:15][%mdl 128] Black needs to defend precisely. Active counter play!} b5 21. Rd1 (21. Re8 $5 Qh6+ 22. Kd1 $11) 21... Qc5+ 22. Kb1 {[%emt 0:00:02] Strongly threatening Qf5.} b4 $2 {[%emt 0:00:16][%mdl 8192] [#]} (22... Kh8 $11 {and Black stays safe.}) 23. Re8 $3 Ba6 $16 24. Qxf7+ Kh8 25. Qxf8+ Qxf8 26. Rxf8+ Rxf8 $14 {[%emt 0:00:01][%mdl 4096] Endgame KRB-KRB} 27. f3 g5 28. Re1 ({White should play} 28. Be4 $16 Rf7 29. Rd5) 28... Bd3+ 29. Kc1 Bg6 30. Kd2 Rf6 (30... Rc8 $11 {keeps the balance.}) 31. Re5 $16 Rd6 {[%emt 0:00:06] Threatens to win with ...Bf7.} 32. Ke3 ({Wrong is} 32. Rxg5 $2 Bf7 33. Ke3 Bxd5 $19) 32... Kg7 $2 (32... h6 $16) 33. Rxg5 $18 {[%emt 0:00:06] White has a decisive advantage.} Kf6 34. f4 Rb6 35. Re5 {[%emt 0:00:04] Weighted Error Value: White=0.39/Black=0.53} 1-0